 Dungeon Crawl Stone Soup version 0.27.1-34-g3ba077fa99 (webtiles) character file.

Game seed: 16764739548770787785

11 Romesagentofchaos the Sneak (level 2, -4/19 HPs)
             Began as an Octopode Brigand on Jan 25, 2022.
             Slain by Terence (10 damage)
             ... on level 2 of the Dungeon.
             The game lasted 00:02:59 (793 turns).

Romesagentofchaos the Sneak (Octopode Brigand)       Turns: 793, Time: 00:02:59

Health: -4/19      AC:  1    Str: 10    XL:     2   Next: 29%
Magic:  2/2        EV: 13    Int: 13    God:
Gold:   14         SH:  0    Dex: 19    Spells: 1/1 levels left

rFire    . . .     SeeInvis .   a - +2 dagger
rCold    . . .     Faith    .   (no shield)
rNeg     . . .     Spirit   .   (helmet restricted)
rPois    .         Reflect  .   (no amulet)
rElec    .         Harm     .   d - +6 ring of dexterity
rCorr    .         Rampage  .   (no ring)
Will     .....                  (no ring)
Stlth    ++++......             (no ring)
HPRegen  0.06/turn              (no ring)
MPRegen  0.08/turn              (no ring)
                                (no ring)
                                (no ring)

@: no status effects
A: almost no armour, amphibious, 8 rings, camouflage 1, gelatinous body 1,
(nimble swimmer 1), tentacles
a: no special abilities


You were on level 2 of the Dungeon.
You visited 1 branch of the dungeon, and saw 2 of its levels.

You collected 14 gold pieces.

Inventory:

Hand Weapons
 a - a +2 dagger (weapon)
Missiles
 b - 7 poisoned darts (quivered)
 c - 2 curare-tipped darts
Jewellery
 d - a +6 ring of dexterity (left tentacle)


   Skills:
 + Level 2.0 Fighting
 + Level 2.0 Short Blades
 + Level 2.0 Throwing
 + Level 1.0 Dodging
 + Level 6.1 Stealth


You had one spell level left.
You didn't know any spells.
Your spell library contained the following spells:

 Spells                   Type           Power      Damage    Failure   Level
 Shock                    Conj/Air       0%         1d3       30%         1
 Swiftness                Air            0%         N/A       67%         3
 Airstrike                Air            0%         N/A       97%         4


Dungeon Overview and Level Annotations

Branches:
Dungeon (2/15)

Altars:

Annotations:
D:2 Terence


Innate Abilities, Weirdness & Mutations

You cannot wear most types of armour.
You are amphibious.
You can wear up to eight rings at the same time.
Your skin changes colour to match your surroundings (Stealth+).
Your rubbery body absorbs attacks. (AC +1, EV +1)
((You are camouflaged near water. (Stealth+)))
You have tentacles for arms and can constrict up to eight enemies at once.


Message History

a +0 club; a goblin corpse You hit the bat.
You kill the bat!
You see here a bat corpse.
d - a +6 ring of dexterity
e - a scroll labelled BUDUTZODEC You feel agile.
d - a +6 ring of dexterity (left tentacle)
As you read the scroll labelled BUDUTZODEC, it crumbles to dust.
It is a scroll of identify.
You don't have any unidentified items.
HP restored.
Found a ring mail.
Terence the Incautious comes into view.
He is wielding a +4 flail of protection.
An adder comes into view.
Terence shouts!
The adder hisses angrily.
You hear an angry hiss.
You see here a +0 robe.
A ball python comes into view.
Terence hits you with a +4 flail of protection.
The ball python hisses angrily.
You hit Terence but do no damage. You grab Terence.
You constrict Terence, but do no damage.
Terence completely misses you.
You hit Terence but do no damage. You squeeze Terence.
Terence is moderately wounded.
You constrict Terence.
Terence hits you with a +4 flail of protection.
You hit Terence.
Terence is heavily wounded.
You constrict Terence, but do no damage.
You hit Terence but do no damage. You squeeze Terence, but do no damage.
Terence is heavily wounded.
You constrict Terence, but do no damage.
Terence hits you with a +4 flail of protection!
You hit Terence but do no damage.
Terence is heavily wounded.
You constrict Terence, but do no damage.
Terence hits you with a +4 flail of protection!
Ouch! That really hurt!
You die...

#..†..# #........
#.)...# #........
#.....###........
+................
#......#[........
######.#.#.######
#...#.# ##.[#.#
#.@#.# ##@#.#
#S..# #.S. #...#
#...# .....
......


You could see Terence, an adder and a ball python.

Vanquished Creatures
  3 giant cockroaches (D:1)
  2 goblins
  A hobgoblin (D:1)
  A bat (D:2)
  A frilled lizard (D:1)
  3 rats
11 creatures vanquished.

Vanquished Creatures (others)
  3 demonic plants (D:1)
  4 fungi (D:1)
  7 plants (D:1)
  A withered plant (D:1)
15 creatures vanquished.

Grand Total: 26 creatures vanquished

Notes
Turn   | Place    | Note
-------+----------+-------------------------------------------
     0 | D:1      | Romesagentofchaos the Octopode Brigand began the quest for
                  | the Orb.
     0 | D:1      | Reached XP level 1. HP: 14/14 MP: 1/1
   310 | D:1      | Found a faded altar of an unknown god.
   468 | D:1      | Reached XP level 2. HP: 19/19 MP: 2/2
   534 | D:1      | Reached skill level 6 in Stealth
   784 | D:2      | Noticed Terence
   793 | D:2      | Slain by Terence

Illustrated notes

Levels and vault maps discovered:
D:1:      dpeg_arrival_chambers_temple_mockup, layout_basic,
          shapermc_ecumenical_altar_gd, minmay_misc_feat_roman
D:2:      layout_basic, corexii_item_surrounded_by_moat, uniq_terence,
          uniq_natasha

Skill      XL: |  1  2 |
---------------+-------+-----
Stealth        | 6 |  6.1
Fighting       | |  2.0
Short Blades   | |  2.0
Throwing       | |  2.0
Dodging        | |  1.0

Action                   || total
-------------------------++-------
Melee: Dagger            ||    25
       Constrict         ||     5
       Tentacles         ||     2
Throw: Dart              ||     2
  Use: Potion            ||     2
       Scroll            ||     2
 Stab: Sleeping          ||     2
Armor: Skin              ||     2
Dodge: Dodged            ||    10
